 Dungeon Crawl Stone Soup version 0.28.0-1-gb440e238dd (webtiles) character file.

Game seed: 16751105108949631510

206 Ablot the Grasshopper (level 5, -5/43 HPs)
             Began as a Gnoll Warper on Feb 25, 2022.
             Slain by an ogre (19 damage)
             ... on level 3 of the Dungeon.
             The game lasted 00:04:30 (4213 turns).

Ablot the Grasshopper (Gnoll Warper)                Turns: 4213, Time: 00:04:30

Health: -5/43      AC:  4    Str: 12    XL:     5   Next: 84%
Magic:  12/12      EV: 10    Int: 13    God:
Gold:   72         SH:  0    Dex: 11    Spells: 12/14 levels left

rFire   . . .      SeeInvis .   l - +1 short sword (elec)
rCold   . . .      Faith    .   (no shield)
rNeg    . . .      Spirit   .   b - +0 leather armour
rPois   +          Reflect  .   r - +0 helmet
rElec   .          Harm     .   (no cloak)
rCorr   .          Rampage  .   (no gloves)
Will    .....                   (no boots)
Stlth   +.........              (no amulet)
HPRegen 0.14/turn               f - ring of poison resistance
MPRegen 0.13/turn               (no ring)

@: constricted
A: fangs 1, strong nose, distributed training
a: no special abilities


You were on level 3 of the Dungeon.
You visited 1 branch of the dungeon, and saw 4 of its levels.

You collected 72 gold pieces.

Inventory:

Hand Weapons
 a - a +0 spear
 l - a +1 short sword of electrocution (weapon)
Missiles
 d - 5 boomerangs of dispersal (quivered)
 j - 100 stones
 p - 15 arrows
 t - 7 poisoned darts
Armour
 b - a +0 leather armour (worn)
 r - a +0 helmet (worn)
Jewellery
 f - a ring of poison resistance (left hand)
Scrolls
 c - a scroll of blinking
 e - a scroll of fog {unknown}
 g - a scroll of enchant armour {unknown}
 h - 2 scrolls of teleportation {unknown}
 i - a scroll of magic mapping {unknown}
 k - a scroll of torment {unknown}
 n - 2 scrolls of identify {unknown}
 o - 2 scrolls of noise {unknown}
 s - a scroll of brand weapon {unknown}
Potions
 m - a potion of curing {unknown}
 q - a potion of magic {unknown}
 u - a potion of brilliance {unknown}
 v - a potion of heal wounds {unknown}


   Skills:
 + Level 4.8 Fighting
 + Level 1.6 Short Blades
 + Level 1.6 Long Blades
 + Level 1.6 Axes
 + Level 1.6 Maces & Flails
 + Level 4.8 Polearms
 + Level 1.6 Staves
 + Level 1.6 Slings
 + Level 1.6 Bows
 + Level 1.6 Crossbows
 + Level 3.1 Throwing
 + Level 3.1 Armour
 + Level 4.8 Dodging
 + Level 1.6 Stealth
 + Level 1.6 Shields
 + Level 1.6 Unarmed Combat
 + Level 5.2 Spellcasting
 + Level 1.3 Conjurations
 + Level 1.3 Hexes
 + Level 1.3 Summonings
 + Level 1.3 Necromancy
 + Level 5.6 Translocations
 + Level 1.3 Transmutations
 + Level 1.3 Fire Magic
 + Level 1.3 Ice Magic
 + Level 1.3 Air Magic
 + Level 1.3 Earth Magic
 + Level 1.3 Poison Magic
 + Level 1.9 Invocations
 + Level 1.6 Evocations


You had 12 spell levels left.
You knew the following spells:

 Your Spells              Type           Power      Damage    Failure   Level
a - Blink                 Tloc           36%        N/A       3%          2

Your spell library contained the following spells:

 Spells                   Type           Power      Damage    Failure   Level
 Gell's Gravitas          Tloc           18%        N/A       7%          3
 Lesser Beckoning         Tloc           18%        N/A       7%          3
 Teleport Other           Tloc           18%        N/A       7%          3
 Manifold Assault         Tloc           18%        N/A       54%         5


Dungeon Overview and Level Annotations

Branches:
Dungeon (4/15)
 Temple: D:4-7

Altars:


Innate Abilities, Weirdness & Mutations

You have very sharp teeth.
Your uncanny sense of smell can sniff out nearby items.
Your experience applies equally to all skills.


Message History

Natasha is heavily wounded.
Natasha claws you.
You hit Natasha.
Natasha is almost dead.
Natasha claws you!
You completely miss Natasha. You bite Natasha.
You kill Natasha!
You feel Natasha's spirit has finally been put to rest.
You see here the felid corpse of Natasha.
There is a stone staircase leading down here.
You start resting.
HP restored.
You climb downwards.
Found a hand axe.
There is a stone staircase leading up here.
You climb upwards.
There is a stone staircase leading down here.
There is a stone staircase leading down here.
You climb downwards.
The ball python hisses angrily.
Found a scroll labelled RAPPUSA YFACW and 18 stones.
There is a stone staircase leading up here.
You barely miss the ogre. The ogre barely misses you.
You hit the ogre.
The ogre is lightly wounded.
The ogre misses you.
Unknown command.
The ball python closely misses you. The ball python barely misses you.
The ogre hits you with a +0 giant club!!
Ouch! That really hurt!
You climb upwards.
There is a stone staircase leading down here.
Unknown command.
You barely miss the ball python. The ball python closely misses you.
The ball python barely misses you. The ball python bites you.
The ball python grabs you. The ball python constricts you.
You barely miss the ball python.
You bite the ball python, but do no damage.
The ogre hits you with a +0 giant club!!
You die...

##.#.#.###.#.....#####
#.....# #.#....##
###.#.# #.#.##.# #.#.#
#.#.##)# #.#.#
#.#.##.# #.#.#
#...##.#
#.#.###.####.#
#.#O##...###.#
#.#@S........#
#.####...####### #.#
##........# #.#
#.######.### ### #.#
#.# #.....# ##.####.#
#.# #.#.#.###
#...†...# #.#
#........ ##.######
#.####.#.#.##. #.#
#.............


You could see an ogre and a ball python.

Vanquished Creatures
  Terence (D:3)
  Natasha (thrice) (D:3)
  Robin (D:3)
  3 gnolls
  4 ball pythons
  5 bats
  5 endoplasms
  3 giant cockroaches
  10 goblins
  5 hobgoblins
  3 quokkas
  3 frilled lizards
  11 kobolds
  6 rats
63 creatures vanquished.

Notes
Turn   | Place    | Note
-------+----------+-------------------------------------------
     0 | D:1      | Ablot the Gnoll Warper began the quest for the Orb.
     0 | D:1      | Reached XP level 1. HP: 20/20 MP: 6/6
   356 | D:1      | Reached XP level 2. HP: 26/26 MP: 7/7
   359 | D:1      | Learned a level 2 spell: Blink
   790 | D:1      | Found a faded altar of an unknown god.
  1075 | D:2      | Reached XP level 3. HP: 24/31 MP: 9/9
  1294 | D:2      | Reached skill level 5 in Spellcasting
  2071 | D:3      | Reached skill level 1 in Invocations
  2157 | D:3      | Noticed Robin
  2165 | D:3      | Killed Robin
  2166 | D:3      | Reached skill level 1 in Short Blades
  2166 | D:3      | Reached skill level 1 in Long Blades
  2166 | D:3      | Reached skill level 1 in Axes
  2166 | D:3      | Reached skill level 1 in Maces & Flails
  2166 | D:3      | Reached skill level 1 in Staves
  2166 | D:3      | Reached skill level 1 in Slings
  2166 | D:3      | Reached skill level 1 in Bows
  2166 | D:3      | Reached skill level 1 in Crossbows
  2166 | D:3      | Reached skill level 1 in Stealth
  2166 | D:3      | Reached skill level 1 in Shields
  2166 | D:3      | Reached skill level 1 in Unarmed Combat
  2166 | D:3      | Reached skill level 1 in Evocations
  2166 | D:3      | Reached XP level 4. HP: 23/38 MP: 11/11
  2498 | D:3      | Noticed Natasha
  2505 | D:3      | Killed Natasha
  2506 | D:3      | Reached skill level 1 in Conjurations
  2506 | D:3      | Reached skill level 1 in Hexes
  2506 | D:3      | Reached skill level 1 in Summonings
  2506 | D:3      | Reached skill level 1 in Necromancy
  2506 | D:3      | Reached skill level 1 in Transmutations
  2506 | D:3      | Reached skill level 1 in Fire Magic
  2506 | D:3      | Reached skill level 1 in Ice Magic
  2506 | D:3      | Reached skill level 1 in Air Magic
  2506 | D:3      | Reached skill level 1 in Earth Magic
  2506 | D:3      | Reached skill level 1 in Poison Magic
  2760 | D:3      | Noticed Natasha
  2768 | D:3      | Killed Natasha
  2769 | D:3      | Reached XP level 5. HP: 33/43 MP: 12/12
  3575 | D:3      | Noticed Terence
  3588 | D:3      | Killed Terence
  4050 | D:3      | Noticed Natasha
  4059 | D:3      | Killed Natasha
  4207 | D:4      | Noticed an ogre
  4213 | D:3      | Slain by an ogre

Illustrated notes

Levels and vault maps discovered:
D:1:      dpeg_arrival_more_subterranean_lakeside_camping, layout_loops_ring,
          shapermc_ecumenical_altar_hornbeckon, minivault_27, chequers_arboretum
D:2:      layout_loops_cross
D:3:      layout_loops_ring, minmay_misc_feat_hallway, uniq_robin, uniq_terence,
          uniq_natasha
D:4:      layout_rooms, uniq_grinder

Skill      XL: |  1  2  3  4  5 |
---------------+----------------+-----
Spellcasting   | 5 |  5.2
Invocations    | 1 |  1.9
Short Blades   | 1 |  1.6
Long Blades    | 1 |  1.6
Axes           | 1 |  1.6
Maces & Flails | 1 |  1.6
Staves         | 1 |  1.6
Slings         | 1 |  1.6
Bows           | 1 |  1.6
Crossbows      | 1 |  1.6
Stealth        | 1 |  1.6
Shields        | 1 |  1.6
Unarmed Combat | 1 |  1.6
Evocations     | 1 |  1.6
Conjurations   | 1 |  1.3
Hexes          | 1 |  1.3
Summonings     | 1 |  1.3
Necromancy     | 1 |  1.3
Transmutations | 1 |  1.3
Fire Magic     | 1 |  1.3
Ice Magic      | 1 |  1.3
Air Magic      | 1 |  1.3
Earth Magic    | 1 |  1.3
Poison Magic   | 1 |  1.3
Throwing       | 3 |  3.1
Armour         | 3 |  3.1
Fighting       | |  4.8
Polearms       | |  4.8
Dodging        | |  4.8
Translocations | |  5.6

Action                   |  1- 3 |  4- 6 || total
-------------------------+-------+-------++-------
Melee: Spear             |    60 |       ||    60
       Bite              |    12 |    17 ||    29
       Short sword       |    85 |    91 ||   176
       Punch             |       |     2 ||     2
 Cast: Blink             |       |     1 ||     1
Armor: Leather armour    |    49 |    12 ||    61
Dodge: Dodged            |    74 |    52 ||   126
